 Dungeon Crawl Stone Soup version 0.31.0-9-g3a7656b989 (webtiles) character file.

Game seed: 1637501595709070003

269 qw the Shooter (level 6, -3/30 HPs)
             Began as a Spriggan Hunter on Feb 2, 2024.
             Slain by a hound (4 damage)
             ... on level 5 of the Dungeon.
             The game lasted 00:00:54 (3450 turns).

qw the Shooter (Spriggan Hunter)                    Turns: 3450, Time: 00:00:55

Health: -3/30      AC:  2    Str:  7    XL:     6   Next: 1%
Magic:  7/7        EV: 20    Int: 11    God:
Gold:   159        SH:  0    Dex: 20    Spells: 5/5 levels left

rFire   . . .        h - +3 sling (heavy)
rCold   . . .        (no shield)
rNeg    . . .        c - +0 robe
rPois   .            (helmet restricted)
rElec   .            (no cloak)
rCorr   .            (gloves unavailable)
SInv    +            (boots unavailable)
Will    +....        g - amulet of the acrobat
Stlth   +            (no ring)
HPRegen 0.25/turn    (no ring)
MPRegen 0.10/turn

%: acrobat
@: on fire, glowing, very quick
A: very small, no large weapons, unfitting armour, see invisible, speed 3
a: no special abilities


You were on level 5 of the Dungeon.
You visited 1 branch of the dungeon, and saw 5 of its levels.

You collected 159 gold pieces.


Innate Abilities, Weirdness & Mutations

You are very small and have problems with some larger weapons.
You are too small for most types of armour.
You have supernaturally acute eyesight. (SInv)
You cover ground extremely quickly. (Speed+++)


   Skills:
 - Level 2.0 Fighting
 - Level 6.1 Ranged Weapons
 + Level 5.3 Dodging
 - Level 1.5 Stealth


You had 5 spell levels left.
You didn't know any spells.
Your spell library was empty.

Inventory:

Hand Weapons
 h - a +3 heavy sling (weapon)
Armour
 c - a +0 robe (worn)
Jewellery
 d - a ring of protection from fire
 e - a ring of magical power
 g - an amulet of the acrobat (around neck)
 j - a ring of ice
Potions
 a - 2 potions of might
 b - a potion of enlightenment {unknown}
 f - 4 potions of curing

Dungeon Overview and Level Annotations

Branches:
Dungeon (5/15)
 Temple: D:4-7

Altars:
Nemelex Xobeh

Shops:
D:4 =

Annotations:
D:5 1 runed translucent door, Crazy Yiuf, Grinder


Message History

Grinder is lightly wounded.
You shoot a sling bullet. The sling bullet hits Grinder!
Grinder is heavily wounded.
Grinder hits you!
You writhe in agony.
Grinder closely misses you.
You shoot a sling bullet.
The sling bullet closely misses Grinder.
A hound comes into view.
Grinder blinks!
You shoot a sling bullet. The hound barks!
The sling bullet hits the bombardier beetle but does no damage.
The bombardier beetle sprays incendiary fluid at you.
The burning spray hits you.
You are covered in liquid fire!
You shoot a sling bullet. The sling bullet hits the hound.
The hound is moderately wounded.
The liquid fire burns you!
The bombardier beetle waves its antennae.
You shoot a sling bullet.
The sling bullet closely misses the hound.
The liquid fire burns you! The hound closely misses you. The hound bites you.
Grinder blinks!
The hound bites you.
3448 ||| DRINKING potion of heal wounds.
You feel much better. The liquid fire burns you! The hound bites you.
You shoot a sling bullet. The sling bullet hits the hound.
The hound is heavily wounded.
The liquid fire burns you! The hound closely misses you.
The hound barely misses you. The hound closely misses you.
The bombardier beetle sprays incendiary fluid at you.
The burning spray hits you.
You are even more covered in liquid fire!
You shoot a sling bullet. The sling bullet hits the hound.
The hound is severely wounded.
The liquid fire burns you! The hound completely misses you.
The hound bites you.
You die...

##+##+##+###
####..#..#....#
#.............#
##h@...........#####
......5B................
.......####...........##
....... ###......##...
....... #.......#####
....... ###....## #..
....... #^...# ###
....... 7....7 7...77


You could see Grinder, a bombardier beetle and a hound.

Vanquished Creatures
  An ogre (D:5)
  A scorpion (D:4)
  A hound (D:4)
  4 adders
  A white imp (D:5)
  A ribbon worm (D:2)
  3 dart slugs
  5 ball pythons
  7 endoplasms
  3 giant cockroaches
  5 hobgoblins
  3 quokkas
  3 bats
  4 frilled lizards
  7 goblins
  A kobold (D:3)
  5 rats
55 creatures vanquished.

Notes
Turn   | Place    | Note
-------+----------+-------------------------------------------
     0 | D:1      | qw the Spriggan Hunter began the quest for the Orb.
     0 | D:1      | Reached XP level 1. HP: 10/10 MP: 2/2
     0 | D:1      | 0 ||| qw: Version: 0.3-a-155-g5e7d8dd
     0 | D:1      | 0 ||| qw: Game counter: 2862
     0 | D:1      | 0 ||| qw: Melee chars always use a shield: true
     0 | D:1      | 0 ||| qw: God list: Okawaru
     0 | D:1      | 0 ||| qw: Allow faded altars: false
     0 | D:1      | 0 ||| qw: Do Orc after clearing Dungeon:15 true
     0 | D:1      | 0 ||| qw: Do second Lair branch before Depths: true
     0 | D:1      | 0 ||| qw: Lair rune preference: random
     0 | D:1      | 0 ||| qw: Goals: Normal
     0 | D:1      | 0 ||| PLANNING D:1-11
   163 | D:1      | Reached skill level 3 in Dodging
   300 | D:1      | 300 ||| SWAPPING to +2 heavy sling.
   301 | D:1      | 301 ||| DROPPING +0 shortbow.
   328 | D:1      | Reached XP level 2. HP: 14/14 MP: 3/3
   578 | D:1      | 578 ||| UPGRADING to amulet of the acrobat.
   583 | D:1      | 583 ||| READING scroll labelled XAKYON LAIG.
   684 | D:1      | 684 ||| READING scroll labelled JIRHEG HIUSS.
   685 | D:1      | 685 ||| READING 2 scrolls labelled OWKECE UMAJEYCH.
   685 | D:1      | 685 ||| IDENTIFYING 2 smoky sapphire potions
   686 | D:1      | 686 ||| DROPPING scroll of butterflies.
  1011 | D:2      | Reached XP level 3. HP: 13/18 MP: 4/4
  1683 | D:2      | 1683 ||| READING scroll of identify.
  1683 | D:2      | 1683 ||| IDENTIFYING emerald potion
  1684 | D:2      | 1684 ||| READING scroll labelled SAXEGGEU KUMM.
  1685 | D:2      | 1685 ||| READING scroll labelled WES BOEKIARO.
  1686 | D:2      | 1686 ||| READING scroll labelled UZINTE LANENUDGH.
  1687 | D:2      | 1687 ||| READING scroll labelled XUWUIT NOFA.
  1687 | D:2      | 1687 ||| ENCHANTING +2 heavy sling.
  1770 | D:3      | Identified the +8 ring mail of the Louse {Rampage Int+3}
  2221 | D:3      | Reached skill level 5 in Ranged Weapons
  2633 | D:3      | 2633 ||| DROPPING ring of wizardry.
  2634 | D:3      | 2634 ||| READING 2 scrolls of identify.
  2634 | D:3      | 2634 ||| IDENTIFYING bubbling pink potion
  2635 | D:3      | 2635 ||| READING scroll of identify.
  2635 | D:3      | 2635 ||| IDENTIFYING fizzy sapphire potion
  2636 | D:3      | 2636 ||| READING scroll labelled ODAXOW NANOISE.
  2637 | D:3      | 2637 ||| DROPPING potion of invisibility.
  2639 | D:3      | 2639 ||| Stepping ~*~*~tactically~*~*~ (cloud).
  2640 | D:3      | 2640 ||| DRINKING 4 potions of curing.
  2640 | D:3      | 2640 ||| (to cure poison)
  2643 | D:3      | 2643 ||| Stepping ~*~*~tactically~*~*~ (cloud).
  2776 | D:4      | Noticed a scorpion
  2778 | D:4      | Reached XP level 4. HP: 22/22 MP: 5/5
  2780 | D:4      | Killed a scorpion
  2786 | D:4      | HP: 5/22 [poisoned by a scorpion]
  2819 | D:4      | 2819 ||| STAIRDANCE
  2869 | D:4      | Found Hevaesu's Jewellery Emporium.
  2890 | D:4      | 2890 ||| SHOPLISTING +4 ring of protection (396 gold, have
                  | 118).
  2890 | D:4      | 2890 ||| SHOPLISTING +5 ring of evasion (396 gold, have
                  | 118).
  2890 | D:4      | 2890 ||| SHOPLISTING amulet of regeneration (330 gold, have
                  | 118).
  2890 | D:4      | 2890 ||| SHOPLISTING ring of ice (275 gold, have 118).
  2890 | D:4      | 2890 ||| SHOPLISTING ring of protection from fire (275
                  | gold, have 118).
  2890 | D:4      | 2890 ||| SHOPLISTING ring of willpower (275 gold, have
                  | 118).
  3010 | D:4      | Reached XP level 5. HP: 26/26 MP: 6/6
  3109 | D:4      | Found a sparkling altar of Nemelex Xobeh.
  3131 | D:4      | Identified the +1 helmet "Naipsoa" {rCorr Int+3 Stlth-}
  3294 | D:4      | 3294 ||| READING 3 scrolls of identify.
  3294 | D:4      | 3294 ||| IDENTIFYING purple potion
  3295 | D:4      | 3295 ||| READING 2 scrolls of identify.
  3295 | D:4      | 3295 ||| IDENTIFYING blue potion
  3296 | D:4      | 3296 ||| READING scroll of identify.
  3296 | D:4      | 3296 ||| IDENTIFYING scroll labelled SADWEW FIUSTREA
  3297 | D:4      | 3297 ||| DROPPING potion of brilliance.
  3298 | D:4      | 3298 ||| DROPPING scroll of amnesia.
  3299 | D:4      | 3299 ||| DROPPING potion of berserk rage.
  3313 | D:5      | Entered Level 5 of the Dungeon
  3386 | D:5      | Noticed an ogre
  3390 | D:5      | Killed an ogre
  3391 | D:5      | Reached skill level 6 in Ranged Weapons
  3391 | D:5      | Reached XP level 6. HP: 30/30 MP: 7/7
  3417 | D:5      | Found a runed translucent door.
  3418 | D:5      | Noticed Crazy Yiuf
  3438 | D:5      | Noticed Grinder
  3447 | D:5      | HP: 6/30 [hound (5)]
  3447 | D:5      | HP: 2/30 [hound (4)]
  3448 | D:5      | 3448 ||| DRINKING potion of heal wounds.
  3450 | D:5      | Slain by a hound

Levels and vault maps discovered:
D:1:      lightli_arrival_flooded_house, layout_loops_ring
D:2:      layout_basic
D:3:      layout_loops_corners, minmay_misc_feat_more_columns
D:4:      layout_cave_pools, kennysheep_mini, serial_shops, shop
D:5:      layout_rooms, mainiacjoe_overflow_24_doors, uniq_duvessa,
          uniq_grinder, uniq_crazy_yiuf_cottage

Skill      XL: |  1  2  3  4  5 |
---------------+----------------+-----
Dodging        | 3 4 5 |  5.3
Ranged Weapons | 5 6 |  6.1
Fighting       | 2 |  2.0
Stealth        | |  1.5

Action                     |  1- 3 |  4- 6 || total
---------------------------+-------+-------++-------
   Fire: Shortbow          |    10 |       ||    10
         Sling             |    66 |    44 ||   110
    Use: Scroll            |    11 |     3 ||    14
         Potion            |     1 |     1 ||     2
 Armour: Robe              |     8 |     9 ||    17
  Dodge: Dodged            |    24 |    16 ||    40

Table legend:
 A = Non-vault XP
 B = Vault XP
 C = Vault XP percentage of total XP
 D = Non-vault monster count
 E = Vault monster count
 F = Vault count percentage of total count
                 A         B        C        D         E       F
            +---------+---------+-------+---------+---------+-------
      Total |     385 |       0 |   0.0 |      55 |       0 |   0.0
            +---------+---------+-------+---------+---------+-------
        D:1 |      20 |       0 |   0.0 |      12 |       0 |   0.0
        D:2 |      45 |       0 |   0.0 |      17 |       0 |   0.0
        D:3 |      28 |       0 |   0.0 |      10 |       0 |   0.0
        D:4 |     153 |       0 |   0.0 |      13 |       0 |   0.0
        D:5 |     139 |       0 |   0.0 |       3 |       0 |   0.0
            +---------+---------+-------+---------+---------+-------
